 Dungeon Crawl Stone Soup version 0.20-a0-1050-g57248f3 (webtiles) character file.

21 M4edhros the Slasher (level 2, -12/21 HPs)
             Began as an Octopode Fighter on Apr 25, 2017.
             Killed from afar by Ijyb (19 damage)
             ... with a wand of lightning (?/15)
             ... on level 4 of the Dungeon.
             The game lasted 00:01:58 (637 turns).

M4edhros the Slasher (Octopode Fighter)              Turns: 637, Time: 00:02:00

Health: -12/21     AC:  3    Str: 15    XL:     2   Next: 87%
Magic:  2/2        EV: 11    Int: 10    God:
Gold:   47         SH:  8    Dex: 11    Spells: 1/1 levels left

rFire    . . .     SeeInvis .   a - +0 long sword
rCold    . . .     Gourm    .   b - +0 shield
rNeg     . . .     Faith    .   f - +2 hat
rPois    .         Spirit   .   (no amulet)
rElec    .         Reflect  .   (no ring)
rCorr    .         Harm     .   (no ring)
MR       .....                  (no ring)
Stlth    ++........             (no ring)
Regen    0.1/turn               (no ring)
MPRegen  0.1/turn               (no ring)
                                (no ring)
                                (no ring)

@: hasted, very quick
A: almost no armour, stealthy swim, amphibious, 8 rings, constrict 8, camouflage
1, gelatinous body 1
a: no special abilities


You were on level 4 of the Dungeon.
You were not hungry.

You visited 1 branch of the dungeon, and saw 4 of its levels.

You collected 47 gold pieces.

Inventory:

Hand Weapons
 a - a +0 long sword (weapon)
Armour
 b - a +0 shield (worn)
 f - a +2 hat (worn)
Scrolls
 e - a scroll of amnesia {unknown}
 g - a scroll of magic mapping {unknown}
 h - a scroll of identify {unknown}
Potions
 c - a potion of might
 k - a potion of curing {unknown}
Comestibles
 d - 2 bread rations
 i - a royal jelly


   Skills:
 - Level 3.0 Fighting
 + Level 3.3 Long Blades
 - Level 3.0 Dodging
 - Level 3.0 Shields


You had one spell level left.
You didn't know any spells.

Dungeon Overview and Level Annotations

Branches:
Dungeon (4/15)
 Temple: D:4-7

Altars:

Annotations:
D:4 Ijyb


Innate Abilities, Weirdness & Mutations

You cannot wear most types of armour.
You are very stealthy in the water. (Stealth+)
You are amphibious.
You can wear up to eight rings at the same time.
You can use your tentacles to constrict eight enemies at once.
Your skin changes colour to match your surroundings (Stealth+).
Your rubbery body absorbs attacks. (AC +1, EV +1)


Message History

Okay, then.
It was a potion of haste.
You feel yourself speed up.
You constrict Ijyb. Ijyb hits you but does no damage.
The water moccasin zombie closely misses you.
The jelly hits you but does no damage.
You release your grip on Ijyb.
You block Ijyb's attack.
Found a stone staircase leading up.
You hit Ijyb but do no damage. You grab Ijyb.
Ijyb is severely wounded.
You constrict Ijyb, but do no damage. Ijyb screams, "Me kill you!"
You block Ijyb's attack.
You block the water moccasin zombie's attack.
You hit Ijyb but do no damage. You squeeze Ijyb.
Ijyb is almost dead.
You constrict Ijyb, but do no damage.
The water moccasin zombie closely misses you.
Ijyb zaps a wand.
The bolt of lightning hits you!
Ouch! That really hurt!
You die...

.. . .## ..# ...#
###.#####...#
............#
..########<....#
<......@ZJ.....#
........g.........
..........?.##....
..$.........# ...
..#######..)# .. .
#...# . ?...#
.....


You could see Ijyb, a jelly and a water moccasin zombie.

Vanquished Creatures
  An orc (D:3)
  3 giant cockroaches
  4 goblins (D:1)
  2 hobgoblins (D:1)
  A bat (D:1)
  A frilled lizard (D:1)
  4 kobolds (D:1)
  3 rats (D:1)
19 creatures vanquished.

Notes
Turn   | Place    | Note
-------+----------+-------------------------------------------
     0 | D:1      | M4edhros the Octopode Fighter began the quest for the Orb.
     0 | D:1      | Reached XP level 1. HP: 16/16 MP: 1/1
   358 | D:1      | Reached XP level 2. HP: 21/21 MP: 2/2
   628 | D:4      | Noticed Ijyb
   637 | D:4      | Killed from afar by Ijyb

Vault maps used:
D:1:      denvon_arrival_waterhouse, minmay_misc_feat_x
D:2:      old_standard_altar, lemuel_round_altar, lemuel_crystal_altar,
          minmay_misc_feat_columns, uniq_sigmund
D:4:      cheibriados_altar_1, nicolae_overflow_hidden_temple,
          lemuel_zombie_altar_yredelemnul, minmay_temple_entry_crystal_x,
          first_bread, uniq_ijyb, uniq_blork_the_orc, uniq_menkaure

Skill      XL: |  1  2 |
---------------+-------+-----
Long Blades    | 3 |  3.3
Fighting       | |  3.0
Dodging        | |  3.0
Shields        | |  3.0

Action                   || total
-------------------------++-------
Melee: Long sword        ||    32
       Constrict         ||    11
       Tentacles         ||     9
  Use: Potion            ||     1
 Stab: Sleeping          ||     4
Armor: Skin              ||     4
Dodge: Dodged            ||    13
Block: Shield            ||    12
       Rpst.: Long sword ||     1
